 Dungeon Crawl Stone Soup version 0.31-a0-459-gc8a9bf3d51 (webtiles) character file.

Game seed: 18012747481574782951

85 Ethylacetat the Insei (level 4, 0/24 HPs)
             Began as a Vine Stalker Monk on Aug 4, 2023.
             Slain by a gnoll
             ... wielding a +0 halberd
              (9 damage)
             ... on level 3 of the Dungeon.
             The game lasted 00:02:03 (1865 turns).

Ethylacetat the Insei (Vine Stalker Monk)           Turns: 1865, Time: 00:02:04

Health: 0/24       AC:  2    Str: 13    XL:     4   Next: 48%
Magic:  0/5        EV: 13    Int: 10    God:
Gold:   68         SH:  0    Dex: 19    Spells: 3/3 levels left

rFire   . .          .
                       - Unarmed
rCold   . . .        c - orb {light}
rNeg    . . .        a - +0 robe
rPois   .            (no helmet)
rElec   .            (no cloak)
rCorr   .            (no gloves)
SInv    .            (no boots)
Will    .....        (no amulet)
Stlth   +            (no ring)
HPRegen 1.04/turn    (no ring)
MPRegen 0.09/turn

%: guardian spirit
@: glowing
A: fangs 2, regeneration 1, magic shield, antimagic bite, no potion heal 2
a: no special abilities


You were on level 3 of the Dungeon.
You visited 1 branch of the dungeon, and saw 3 of its levels.

You collected 112 gold pieces.
You spent 44 gold pieces at shops.

Inventory:

Armour
 a - a +0 robe (worn)
 c - an orb of light (worn)
Scrolls
 d - a scroll of vulnerability {unknown}
 g - 3 scrolls of identify {unknown}
 h - a scroll of enchant weapon {unknown}
 j - a scroll of enchant armour {unknown}
 k - a scroll of fog {unknown}
Potions
 b - a potion of ambrosia
 e - a potion of magic {unknown}
 f - a potion of enlightenment {unknown}
 i - a potion of heal wounds {unknown}
 m - a potion of attraction {unknown}


   Skills:
 + Level 3.5 Fighting
 + Level 3.1 Dodging
 + Level 3.7 Unarmed Combat


You had 3 spell levels left.
You didn't know any spells.
Your spell library was empty.

Dungeon Overview and Level Annotations

Branches:
Dungeon (3/15)

Altars:

Shops:
D:1 *


Innate Abilities, Weirdness & Mutations

You have extremely sharp teeth.
Your natural rate of healing is unusually fast.
When hurt, damage is shared between your health and your magic reserves.
Your bite disrupts and absorbs the magic of your enemies.
Potions cannot restore your health.


Message History

g - 3 scrolls labelled HIOHASSO GUNA (gained 1) Thank you for shopping at Unapn's Assorted Antiques!
You drop a ring of ice.
You see here a quokka skeleton.
There is a stone staircase leading down here.
You climb downwards.
There is a stone staircase leading up, spattered with blood here.
There is a stone staircase leading down here.
You climb downwards.
The frilled lizard hisses angrily.
Found two stone staircases leading down.
There is a stone staircase leading up here.
You barely miss the frilled lizard. You hit the frilled lizard.
You kill the frilled lizard!
No target in view!
No target in view!
No target in view!
You open the door.
A gnoll comes into view. It is wielding a +0 flail.
The gnoll shouts!
A gnoll comes into view. It is wielding a +0 flail.
Found a helmet.
Found a stone staircase leading up.
A gnoll comes into view. It is wielding a +0 halberd.
Found a mace.
The gnoll shouts! x2
There is an open door here.
The gnoll barely misses you.
You hit the gnoll but do no damage. You bite the gnoll. You drain its power.
The gnoll is lightly wounded.
The gnoll barely misses you. The gnoll misses you.
You hit the gnoll. You bite the gnoll. You drain its power.
The gnoll is heavily wounded.
The gnoll hits you with a +0 flail! The gnoll hits you with a +0 flail.
The gnoll completely misses you.
You hit the gnoll. You bite the gnoll, but do no damage.
The gnoll is almost dead.
The gnoll hits you with a +0 flail! The gnoll barely misses you.
The gnoll hits you from afar with a +0 halberd!
You die...

##...###########.###
#.....# #........
##...## #.###.###
##.## #.......# #.#
#.###.#.# #.# #.#
#.#.# ##'## #.###.#.#
##...## #........
#..@g.# #.###.#.#
#.g....# #.......#
#...g....####...#.###
+.........+...........
#...[.....####........
##)......## #.#######
##.....## #.# ##...##
#.# #+# #.#


You could see 3 gnolls.

Vanquished Creatures
  4 adders (D:2)
  3 dart slugs
  A bat (D:1)
  4 endoplasms
  3 giant cockroaches
  A goblin (D:1)
  4 hobgoblins
  4 jackals (D:2)
  3 quokkas
  A ball python (D:2)
  5 frilled lizards
  4 kobolds
  6 rats
43 creatures vanquished.

Notes
Turn   | Place    | Note
-------+----------+-------------------------------------------
     0 | D:1      | Ethylacetat the Vine Stalker Monk began the quest for the
                  | Orb.
     0 | D:1      | Reached XP level 1. HP: 11/11 MP: 2/2
   135 | D:1      | Reached XP level 2. HP: 10/16 MP: 1/3
   655 | D:1      | Found Unapn's Assorted Antiques.
   679 | D:1      | Reached XP level 3. HP: 20/20 MP: 4/4
  1297 | D:2      | Gained mutation: Your natural rate of healing is unusually
                  | fast. [Vine Stalker growth]
  1297 | D:2      | Reached XP level 4. HP: 22/24 MP: 5/5
  1718 | D:1      | Bought a scroll labelled HIOHASSO GUNA for 22 gold pieces
  1718 | D:1      | Bought a scroll labelled HIOHASSO GUNA for 22 gold pieces
  1865 | D:3      | Slain by a gnoll

Illustrated notes

Levels and vault maps discovered:
D:1:      saegor_arrival_simple_d, layout_basic, serial_shops, shop
D:2:      layout_loops_ring, minmay_misc_feat_columns
D:3:      layout_loops_corners, nzn_overflow_gifts_of_might_and_magic,
          gammafunk_temple_overflow_pools

Skill      XL: |  1  2  3 |
---------------+----------+-----
Fighting       | 3 |  3.5
Dodging        | 3 |  3.1
Unarmed Combat | |  3.7

Action                     |  1- 3 |  4- 6 || total
---------------------------+-------+-------++-------
  Melee: Unarmed           |    93 |    30 ||   123
         Bite              |    22 |     9 ||    31
 Armour: Robe              |    10 |     3 ||    13
  Dodge: Dodged            |    54 |    22 ||    76

Table legend: (Time is in decaauts)
 A = Elapsed time spent in this place.
 B = Non-inter-level travel time spent in this place.
 C = Inter-level travel time spent in this place.
 D = Time resting spent in this place.
 E = Time spent auto-exploring this place.
 F = Levels seen in this place.
 G = Mean time per level.
                   A        B        C        D        E       F      G
               +--------+--------+--------+--------+--------+-----+--------+
         Total |   1858 |   1685 |    173 |      0 |   1429 |   3 |  619.3 |
       Dungeon |   1858 |   1685 |    173 |      0 |   1429 |   3 |  619.3 |
               +--------+--------+--------+--------+--------+-----+--------+

Top non-repeatable levels by time:
     D:2: 902 daAuts
     D:1: 882 daAuts
     D:3: 73 daAuts
